AoeStats
← Addeos

Nomad

509818205Analyzed
2v2 RM · 3d ago on Sep 28, 2026· 43m 1s· 4 players
Game mode
Random Map
Map size
176×176
Population
200
Speed
Normal
Resources
Standard
Victory
Conquest
Starting age
Dark Age
Ending age
Imperial Age
RankedLock teamsTeams togetherTeam positionsShared explorationLock speedFull tech treeHidden civsTurbo modeCheats
Victory
Defeat
🇲🇽 Teutons · Mexico
919
+20
🇨🇴 Gurjaras · Colombia
919
+20
🇷🇸 Persians · Serbia
1032
-20
🇦🇷 Hindustanis · Argentina
1004
-20
Tas biEn?
16:00 Feudal Age
16:36 Double-Bit Axe
17:21 Fishing Lines
18:41 Gold Mining
22:31 Castle Age
21:55 Forging
21:50 Scale Barding Armor
23:19 Scale Mail Armor
23:07 Pikeman
24:15 Bow Saw
29:12 Wheelbarrow
29:00 Horse Collar
32:03 Hand Cart
33:13 Chain Mail Armor
36:25 Gillnets
40:54 Imperial Age
39:07 Iron Casting
38:23 Fletching
38:33 Padded Archer Armor
38:59 Chain Barding Armor
40:04 Heavy Plow
40:35 Husbandry
41:33 Gold Shaft Mining
43:04 Chemistry
42:01 Murder Holes
42:42 Siege Elephant
ukisampion1
Slidhane
15:54 Feudal Age
16:23 Double-Bit Axe
17:57 Wheelbarrow
17:20 Horse Collar
23:59 Castle Age
23:00 Stone Mining
23:03 Gold Mining
24:13 Scale Barding Armor
25:14 Bow Saw
25:06 Heavy Plow
27:34 Hand Cart
30:06 Loom
32:38 Pikeman
41:01 Imperial Age
38:29 Gambesons
38:47 Squires
38:33 Arson
41:08 Stone Shaft Mining
41:58 Fortified Wall
41:57 Town Watch
42:07 Halberdier
Addeos
13:30 Feudal Age
16:45 Wheelbarrow
17:54 Double-Bit Axe
24:59 Castle Age
24:56 Fishing Lines
25:54 Gillnets
30:16 Stone Mining
30:18 Gold Mining
33:35 Forging
33:44 Bloodlines
33:34 Husbandry
36:16 Kshatriyas
37:15 Fletching
38:04 Iron Casting
38:36 Hand Cart
39:47 Horse Collar
40:20 Bow Saw
41:28 Heavy Plow
42:44 Bodkin Arrow
42:56 Scale Barding Armor
46:08 Imperial Age
Connection lost

Rejoining the realm…

Still unreachable

The connection could not be restored.

Session expired

The server has moved on; the page needs a fresh start.